 Dungeon Crawl Stone Soup version 0.28-a0-938-gbc3f381ebc (webtiles) character file.

Game seed: 16046409476884006291

51 Hipnos the Shooter (level 3, -3/20 HPs)
             Began as a Deep Elf Arcane Marksman on Nov 28, 2021.
             Killed by nerve-wracking pain
             ... invoked by Jessica
              (9 damage)
             ... on level 3 of the Dungeon.
             The game lasted 00:01:52 (875 turns).

Hipnos the Shooter (Deep Elf Arcane Marksman)        Turns: 875, Time: 00:01:53

Health: -3/20      AC:  2    Str:  7    XL:     3   Next: 57%
Magic:  7/7        EV: 13    Int: 17    God:
Gold:   71         SH:  0    Dex: 16    Spells: 4/5 levels left

rFire   . . .      SeeInvis .   a - +0 shortbow
rCold   . . .      Faith    .   (shield currently unavailable)
rNeg    . . .      Spirit   .   d - +0 robe
rPois   .          Reflect  .   (no helmet)
rElec   .          Harm     .   (no cloak)
rCorr   .          Rampage  .   (no gloves)
Will    .....                   (no boots)
Stlth   +.........              (no amulet)
HPRegen 0.06/turn               (no ring)
MPRegen 0.10/turn               (no ring)

@: no status effects
A: no striking features
a: no special abilities


You were on level 3 of the Dungeon.
You visited 1 branch of the dungeon, and saw 3 of its levels.

You collected 71 gold pieces.

Inventory:

Hand Weapons
 a - a +0 shortbow (weapon)
Missiles
 c - 59 arrows (quivered ammo)
Armour
 d - a +0 robe (worn)
Potions
 b - a potion of curing


   Skills:
 * Level 0.8 Fighting
 * Level 4.6 Bows
 + Level 3.0 Dodging
 + Level 1.5 Spellcasting
 + Level 4.3 Hexes


You had 4 spell levels left.
You knew the following spells:

 Your Spells              Type           Power      Damage    Failure   Level
a - Slow                  Hex            64%        N/A       3%          1

Your spell library contained the following spells:

 Spells                   Type           Power      Damage    Failure   Level
 Inner Flame              Hex/Fire       8%         N/A       26%         3
 Portal Projectile        Hex/Tloc       16%        N/A       26%         3
 Cause Fear               Hex            8%         N/A       32%         4


Dungeon Overview and Level Annotations

Branches:
Dungeon (3/15)

Altars:

Annotations:
D:2 Sigmund
D:3 Jessica


Message History

There is a stone staircase leading up here.
Fire: 64 arrows
Press: ? - help, Q - select action, (/) - cycle Shift-Dir - straight line, f - gnoll
Aim: a gnoll, wielding a +0 flail (lightly wounded, 65% to hit)
You shoot an arrow. The arrow hits the gnoll.
The gnoll is heavily wounded.
Jessica shouts!
The bat hits you but does no damage. The gnoll closely misses you.
Fire: 63 arrows
Press: ? - help, Q - select action, (/) - cycle Shift-Dir - straight line, f/p - gnoll
Aim: a gnoll, wielding a +0 flail (heavily wounded, 65% to hit)
You shoot an arrow. The arrow barely misses the gnoll.
The gnoll barely misses you. The bat hits you.
* * * LOW HITPOINT WARNING * * *
Fire: 62 arrows
Press: ? - help, Q - select action, (/) - cycle Shift-Dir - straight line, f/p - gnoll
Aim: a gnoll, wielding a +0 flail (heavily wounded, 65% to hit)
You shoot an arrow. The arrow hits the gnoll!
You kill the gnoll!
The bat hits you but does no damage. The bat closely misses you.
Fire: 61 arrows
Press: ? - help, Q - select action, (/) - cycle Shift-Dir - straight line, f - bat
Aim: a bat (48% to hit)
You shoot an arrow. The arrow barely misses the bat.
The bat misses you.
Jessica casts a spell.
Jessica seems to speed up.
Fire: 60 arrows
Press: ? - help, Q - select action, (/) - cycle Shift-Dir - straight line, f/p - bat
Aim: a bat (48% to hit)
You shoot an arrow. The arrow hits the bat.
The bat is severely wounded.
The bat hits you but does no damage. The bat misses you.
Things that are here:
a +0 flail; 2 arrows The bat misses you.
Jessica casts a spell at you. Pain shoots through your body!
You die...

.#.#.#.
.......
.#.#.#.##
........#
.#.#.#..#
........#
#.##@#
#.b()#
####@#
#.# #.#
#.# #.#
#(# #.#
...


You could see Jessica (fast) and a bat.

Vanquished Creatures
  2 gnolls
  An adder (D:2)
  2 dart slugs (D:1)
  An endoplasm (D:1)
  A giant cockroach (D:2)
  4 goblins
  3 kobolds
  A quokka (D:2)
  2 bats
  2 rats (D:1)
19 creatures vanquished.

Notes
Turn   | Place    | Note
-------+----------+-------------------------------------------
     0 | D:1      | Hipnos the Deep Elf Arcane Marksman began the quest for the
                  | Orb.
     0 | D:1      | Reached XP level 1. HP: 11/11 MP: 5/5
   109 | D:1      | Reached XP level 2. HP: 16/16 MP: 6/6
   840 | D:2      | Reached XP level 3. HP: 20/20 MP: 7/7
   852 | D:2      | Noticed Sigmund
   868 | D:3      | Noticed Jessica
   875 | D:3      | Killed from afar by Jessica

Illustrated notes

Levels and vault maps discovered:
D:1:      erik_arrival_triangle_small, layout_rooms, minivault_27
D:2:      layout_basic, serial_shops, shop, lemuel_flame_loot_1, uniq_sigmund,
          uniq_robin
D:3:      layout_loops_ring, led_sif_book, serial_glass, glass_columns_a,
          glass_columns_b, feat_on_display, feat_on_display,
          minmay_strange_pillars, due_unseen_surprise,
          hellmonk_ecumenical_altar_watching_god, uniq_natasha, uniq_jessica

Skill      XL: |  1  2  3 |
---------------+----------+-----
Bows           | 3 4 |  4.6
Dodging        | 3 |  3.0
Fighting       | |  0.8
Spellcasting   | |  1.5
Hexes          | |  4.3

Action                   || total
-------------------------++-------
 Fire: Shortbow          ||    59
 Cast: Slow              ||     1
  Use: Potion            ||     1
Armor: Robe              ||     6
Dodge: Dodged            ||    16

Table legend: (Time is in decaauts)
 A = Elapsed time spent in this place.
 B = Non-inter-level travel time spent in this place.
 C = Inter-level travel time spent in this place.
 D = Time resting spent in this place.
 E = Time spent auto-exploring this place.
 F = Levels seen in this place.
 G = Mean time per level.
                   A        B        C        D        E       F      G
               +--------+--------+--------+--------+--------+-----+--------+
         Total |    882 |    839 |     43 |      0 |    697 |   3 |  294.0 |
       Dungeon |    882 |    839 |     43 |      0 |    697 |   3 |  294.0 |
               +--------+--------+--------+--------+--------+-----+--------+

Top non-repeatable levels by time:
     D:1: 475 daAuts
     D:2: 399 daAuts
     D:3: 7 daAuts
